 Dungeon Crawl Stone Soup version 0.29-a0-490-g77b3608bb8 (webtiles) character file.

Game seed: 4531767448022184750

83 Sobieck the Shooter (level 4, -4/38 HPs)
             Began as a Demigod Hunter on May 26, 2022.
             Slain by a gnoll
             ... wielding a +3 flail
              (11 damage)
             ... on level 3 of the Dungeon.
             The game lasted 00:03:53 (2059 turns).

Sobieck the Shooter (Demigod Hunter)                Turns: 2059, Time: 00:03:54

Health: -4/38      AC:  5    Str: 22    XL:     4   Next: 2%
Magic:  6/6        EV: 11    Int: 11    God:
Gold:   135        SH:  0    Dex: 17    Spells: 3/3 levels left

rFire   . . .      SeeInvis .   a - +1 shortbow {bow}
rCold   . . .      Faith    .   (shield currently unavailable)
rNeg    . . .      Spirit   .   n - +0 ring mail
rPois   .          Reflect  .   (no helmet)
rElec   .          Harm     .   (no cloak)
rCorr   .          Rampage  .   (no gloves)
Will    .....                   (no boots)
Stlth   +.........              (no amulet)
HPRegen 0.12/turn               m - +6 ring of strength
MPRegen 0.10/turn               (no ring)

@: no status effects
A: high MP 1, forlorn, divine attributes
a: no special abilities


You were on level 3 of the Dungeon.
You visited 1 branch of the dungeon, and saw 3 of its levels.

You collected 135 gold pieces.


Innate Abilities, Weirdness & Mutations

You have an increased reservoir of magic. (+10% MP)
You shall have no god before yourself.
Your divine heritage dramatically boosts your attributes as you level up.


   Skills:
 + Level 3.1 Fighting
 + Level 4.4 Bows
 - Level 2.0 Dodging
 - Level 0.8 Stealth


You had 3 spell levels left.
You didn't know any spells.
Your spell library contained the following spells:

 Spells                   Type           Power      Damage    Failure   Level
 Portal Projectile        Hex/Tloc       0%         N/A       86%         3
 Tukima's Dance           Hex            0%         N/A       86%         3
 Blade Hands              Tmut           0%         N/A       100%        5

Inventory:

Hand Weapons
 a - a +1 shortbow (weapon) {bow}
 b - a +2 dagger of venom {short}
   (You took it off a goblin on level 1 of the Dungeon)
Missiles
 d - 7 javelins {throwing}
 h - 29 stones {throwing}
 s - 4 boomerangs {throwing}
Armour
 f - a +0 leather armour
 i - a +0 plate armour
   (You found it on level 1 of the Dungeon)
 j - a +0 robe
   (You found it on level 1 of the Dungeon)
 l - a +0 robe
   (You found it on level 2 of the Dungeon)
 n - a +0 ring mail (worn)
   (You found it on level 2 of the Dungeon)
 o - a +0 ring mail
   (You took it off an orc on level 2 of the Dungeon)
 p - a +0 robe
   (You found it on level 2 of the Dungeon)
 q - a +0 ring mail
   (You found it on level 2 of the Dungeon)
Jewellery
 m - a +6 ring of strength (left hand)
   (You found it on level 2 of the Dungeon)
Scrolls
 c - a scroll of immolation {!r!r}
 g - 3 scrolls of identify {unknown}
 t - 2 scrolls of magic mapping {unknown}
Potions
 e - a potion of haste {unknown}
 k - a potion of might {unknown}
 r - a potion of cancellation {unknown}

Dungeon Overview and Level Annotations

Branches:
Dungeon (3/15)

##.#####..####......##.
...............).......
###..##.#######..##..#.
##.##.# #...........
##....####.#....###.#
#####.....#....#....#
..
#..>..###.#.####....#
##
....###..##...####....#
.....†...g@...........#
..###+###..###.##....#
#).# ####....#
g###.###..# ######
g###_..'.## g###.###.#
#.# #.# ..#


You could see a gnoll.


Message History

No target in view!
No target in view!
You see here a +0 hand crossbow {crossbow}.
g - 3 scrolls labelled SIMOMNEHOE (gained 2)
You see here a ball python corpse.
Things that are here:
a +0 club {mace}; an orc corpse
Found a stone staircase leading down.
Unknown command.
A quokka comes into view.
Danger!
You shoot an arrow. The arrow hits the quokka!
You kill the quokka!
No target in view!
No target in view!
You now have 112 gold pieces (gained 10).
You now have 126 gold pieces (gained 14).
You now have 135 gold pieces (gained 9).
t - 2 scrolls labelled TAUCIAS WUAPT Unknown command.
An adder comes into view.
Found a stone staircase leading down.
Danger!
You shoot an arrow. The arrow hits the adder.
The adder hisses angrily.
The adder misses you.
You shoot an arrow. The arrow barely misses the adder.
The adder barely misses you.
You shoot an arrow. The arrow hits the adder!
You kill the adder!
Your Fighting skill increases to level 3!
As you open the door, it creaks loudly!
Found a bloodstained altar of Trog.
Unknown command.
No target in view!
A gnoll comes into view. It is wielding a +0 club.
The gnoll shouts!
You hear a shout!
A gnoll comes into view. It is wielding a +3 flail.
A gnoll comes into view. It is wielding a +0 halberd.
There is an open door here.
Danger!
Danger!
You shoot an arrow. The arrow barely misses the gnoll.
You shoot an arrow. The arrow hits the gnoll!
A giant cockroach comes into view.
You shoot an arrow. The arrow hits the gnoll.
You shoot an arrow. The arrow barely misses the gnoll.
The arrow hits the giant cockroach!
You kill the giant cockroach!
The gnoll hits you with a +0 club.
You shoot an arrow. The arrow hits the gnoll!
You kill the gnoll!
You have reached level 4!
A gnoll is nearby!
Danger!
You shoot an arrow. The arrow barely misses the gnoll.
You shoot an arrow. The arrow hits the gnoll.
The gnoll hits you from afar with a +0 halberd!
You shoot an arrow. The arrow barely misses the gnoll.
The gnoll barely misses you.
You shoot an arrow. The arrow completely misses the gnoll.
The gnoll shouts!
You hear a shout! x2
The gnoll closely misses you.
You shoot an arrow. The arrow barely misses the gnoll.
The gnoll hits you from afar with a +0 halberd!
The gnoll hits you from afar with a +0 halberd.
* * * LOW HITPOINT WARNING * * *
You are too injured to fight recklessly!
You are too injured to fight recklessly!
Unknown command.
Shoot: a) +1 shortbow {bow}
Press: ? - help, Q - select action, (/) - cycle Shift-Dir - straight line, f/p - gnoll
Aim: a gnoll, wielding a +0 halberd (lightly wounded, 68% to hit)
You shoot an arrow. The arrow hits the gnoll.
The gnoll hits you from afar with a +0 halberd!
* * * LOW HITPOINT WARNING * * *
Shoot: a) +1 shortbow {bow}
Press: ? - help, Q - select action, (/) - cycle Shift-Dir - straight line, f/p - gnoll
Aim: a gnoll, wielding a +0 halberd (moderately wounded, 68% to hit)
You shoot an arrow. The arrow barely misses the gnoll.
The gnoll barely misses you. The gnoll hits you but does no damage.
Shoot: a) +1 shortbow {bow}
Press: ? - help, Q - select action, (/) - cycle Shift-Dir - straight line, f/p - gnoll
Aim: a gnoll, wielding a +0 halberd (moderately wounded, 68% to hit)
You shoot an arrow. The arrow closely misses the gnoll.
The gnoll barely misses you. The gnoll closely misses you.
Shoot: a) +1 shortbow {bow}
Press: ? - help, Q - select action, (/) - cycle Shift-Dir - straight line, f/p - gnoll
Aim: a gnoll, wielding a +0 halberd (moderately wounded, 68% to hit)
You shoot an arrow.
The arrow hits the gnoll but does no damage.
The gnoll hits you from afar with a +0 halberd.
* * * LOW HITPOINT WARNING * * *
The gnoll closely misses you.
Shoot: a) +1 shortbow {bow}
Press: ? - help, Q - select action, (/) - cycle Shift-Dir - straight line, f/p - gnoll
Aim: a gnoll, wielding a +0 halberd (moderately wounded, 68% to hit)
You shoot an arrow. The arrow hits the gnoll!
You kill the gnoll!
The gnoll completely misses you. The gnoll hits you with a +3 flail!
You die...

Skill      XL: |  1  2  3 |
---------------+----------+-----
Dodging        | 2 |  2.0
Fighting       | 2 3 |  3.1
Bows           | 4 |  4.4
Stealth        | |  0.8

Action                   |  1- 3 |  4- 6 || total
-------------------------+-------+-------++-------
Melee: Dagger            |     9 |       ||     9
 Fire: Shortbow          |    95 |    10 ||   105
  Use: Scroll            |     1 |       ||     1
Armor: Leather armour    |     7 |       ||     7
       Plate armour      |     1 |       ||     1
       Ring mail         |       |     1 ||     1
Dodge: Dodged            |    24 |     7 ||    31

Levels and vault maps discovered:
D:1:      elethiomel_arrival_quiet, layout_loops_ring, minmay_tromino_v2
D:2:      layout_loops_corners, hellmonk_ecumenical_altar_defaced_shrine,
          kennysheep_small_spiral
D:3:      layout_rooms, mainiacjoe_overflow_cross_hatched, lemuel_doored_altar,
          serial_shops, shop

Notes
Turn   | Place    | Note
-------+----------+-------------------------------------------
     0 | D:1      | Sobieck the Demigod Hunter began the quest for the Orb.
     0 | D:1      | Reached XP level 1. HP: 17/17 MP: 3/3
    51 | D:1      | Reached skill level 2 in Dodging
    84 | D:1      | Reached skill level 2 in Fighting
   171 | D:1      | Reached XP level 2. HP: 24/24 MP: 4/4
   415 | D:1      | Reached skill level 4 in Bows
  1011 | D:2      | Reached XP level 3. HP: 30/30 MP: 5/5
  1302 | D:2      | You pick up a book of Weapons and begin reading...
  1302 | D:2      | You add the spells Tukima's Dance, Portal Projectile and
                  | Blade Hands to your library.
  2012 | D:3      | Reached skill level 3 in Fighting
  2048 | D:3      | Reached XP level 4. HP: 37/38 MP: 6/6
  2055 | D:3      | HP: 7/38 [gnoll/+0 halberd (9)]
  2059 | D:3      | Slain by a gnoll

Vanquished Creatures
  2 gnolls (D:3)
  2 adders
  2 worms (D:2)
  2 dart slugs
  3 orcs
  4 bats
  2 endoplasms
  3 giant cockroaches
  2 hobgoblins (D:2)
  3 jackals (D:1)
  2 quokkas
  4 ball pythons
  5 frilled lizards (D:1)
  2 goblins
  A kobold (D:1)
  6 rats
45 creatures vanquished.

Table legend:
 A = Non-vault XP
 B = Vault XP
 C = Vault XP percentage of total XP
 D = Non-vault monster count
 E = Vault monster count
 F = Vault count percentage of total count
                 A         B        C        D         E       F
            +---------+---------+-------+---------+---------+-------
      Total |     125 |       8 |   6.0 |      42 |       3 |   6.7
            +---------+---------+-------+---------+---------+-------
        D:1 |      33 |       2 |   5.7 |      23 |       1 |   4.2
        D:2 |      40 |       6 |  13.0 |      12 |       2 |  14.3
        D:3 |      52 |       0 |   0.0 |       7 |       0 |   0.0
            +---------+---------+-------+---------+---------+-------

Illustrated notes

Table legend:
 A = Kills in this place as a percentage of kills in entire the game.
 B = Kills by you in this place as a percentage of kills by you in the entire game.
 C = Kills by friends in this place as a percentage of kills by friends in the entire game.
 D = Other kills in this place as a percentage of other kills in the entire game.
 E = Experience gained in this place as a percentage of experience gained in the entire game.
 F = Experience gained in this place divided by the number of levels of this place that you have seen.
                   A       B       C       D       E      F
               +-------+-------+-------+-------+-------+----------------------
         Total | 100.0 | 100.0 |   N/A |   N/A | 100.0 |  44.3
       Dungeon | 100.0 | 100.0 |   N/A |   N/A | 100.0 |  44.3
               +-------+-------+-------+-------+-------+----------------------

Table legend: (Time is in decaauts)
 A = Elapsed time spent in this place.
 B = Non-inter-level travel time spent in this place.
 C = Inter-level travel time spent in this place.
 D = Time resting spent in this place.
 E = Time spent auto-exploring this place.
 F = Levels seen in this place.
 G = Mean time per level.
                   A        B        C        D        E       F      G
               +--------+--------+--------+--------+--------+-----+--------+
         Total |   2093 |   2019 |     74 |     81 |   1677 |   3 |  697.7 |
       Dungeon |   2093 |   2019 |     74 |     81 |   1677 |   3 |  697.7 |
               +--------+--------+--------+--------+--------+-----+--------+

Top non-repeatable levels by time:
     D:2: 1173 daAuts
     D:1: 726 daAuts
     D:3: 193 daAuts
